 Dungeon Crawl Stone Soup version 0.20.0-10-g0535bb4 (webtiles) character file.

9831 Peloso the Carver (level 11, -6/97 HPs)
             Began as a Minotaur Fighter on June 4, 2017.
             Was a High Priest of Okawaru.
             Killed from afar by a tengu reaver (42 damage)
             ... with a bolt of poison
             ... on level 11 of the Dungeon.
             The game lasted 00:38:04 (10482 turns).

Peloso the Carver (Minotaur Fighter)               Turns: 10482, Time: 00:38:04

Health: -6/97      AC: 17    Str: 22    XL:     11   Next: 28%
Magic:  10/10      EV:  9    Int:  5    God:    Okawaru [*****.]
Gold:   536        SH: 18    Dex: 12    Spells: 10/10 levels left

rFire    . . .     SeeInvis .   M - +0 scimitar (flame)
rCold    + . .     Gourm    .   c - +0 shield
rNeg     . . .     Faith    .   e - +0 plate armour
rPois    .         Spirit   .   K - +2 hat
rElec    .         Reflect  +   H - +0 cloak
rCorr    .         Harm     .   (no gloves)
MR       .....                  (no boots)
Stlth    ..........             y - +5 amulet of reflection
Regen    0.3/turn               I - +2 ring of evasion
MPRegen  0.2/turn               P - ring of protection from cold

@: lethally poisoned (-6 -> -20)
A: retaliatory headbutt, horns 2
a: Heroism, Finesse, Renounce Religion


You were on level 11 of the Dungeon.
You worshipped Okawaru.
Okawaru was extremely pleased with you.
You were not hungry.

You visited 2 branches of the dungeon, and saw 12 of its levels.
You also visited: Ossuary.

You collected 536 gold pieces.

Inventory:

Hand Weapons
 a - a +0 long sword
 M - a +0 scimitar of flaming (weapon)
Armour
 c - a +0 shield (worn)
 e - a +0 plate armour (worn)
 H - a +0 cloak (worn)
 K - a +2 hat (worn)
 R - the -8 shield of the Wilderness {rElec Dex+7}
   (Okawaru gifted it to you on level 10 of the Dungeon)

   It affects your dexterity (+7).
   It insulates you from electricity.
Jewellery
 u - an uncursed amulet of magic regeneration
 w - an uncursed ring of flight
 y - a +5 amulet of reflection (around neck)
 I - a +2 ring of evasion (left hand)
 L - an uncursed amulet of rage
 N - an uncursed ring of ice
 P - a ring of protection from cold (right hand)
Wands
 i - a wand of confusion (16/48)
 l - a wand of random effects (38/48)
 o - a wand of flame (19/48)
Scrolls
 d - a scroll of blinking
 g - a scroll of amnesia
 h - 3 scrolls of enchant weapon
 m - 8 scrolls of teleportation
 n - 4 scrolls of recharging
 q - 6 scrolls of fog
 r - 2 scrolls of fear
 s - 2 scrolls of magic mapping
 t - a scroll of enchant armour
 G - 4 scrolls of identify
 J - a scroll of remove curse
Potions
 b - a potion of magic {unknown}
 k - 4 potions of heal wounds
 v - 4 potions of brilliance
 x - 2 potions of resistance
 z - 2 potions of haste {unknown}
 A - 2 potions of agility
 B - a potion of berserk rage
 C - 2 potions of curing
 F - a potion of mutation {unknown}
Books
 p - a book of Flames

   Spells                             Type                      Level
   a - Flame Tongue                   Conjuration/Fire             1
   b - Throw Flame                    Conjuration/Fire             2
   c - Conjure Flame                  Conjuration/Fire             3
   d - Inner Flame                    Hexes/Fire                   3
   e - Sticky Flame                   Conjuration/Fire             4
   f - Fireball                       Conjuration/Fire             5
 O - a book of Party Tricks

   Spells                             Type                      Level
   a - Summon Butterflies             Summoning                    1
   b - Apportation                    Translocation                1
   c - Lesser Beckoning               Translocation                3
   d - Tukima's Dance                 Hexes                        3
   e - Alistair's Intoxication        Transmutation/Poison         5
   f - Invisibility                   Hexes                        6
Comestibles
 f - 11 bread rations
 j - 3 royal jellies
 D - 12 fruits
 E - 4 meat rations
 Q - 3 chunks of flesh


   Skills:
 + Level 9.0 Fighting
 + Level 12.2 Long Blades
 + Level 9.8 Armour
 + Level 2.4 Dodging
 + Level 0.5 Stealth
 + Level 12.1 Shields
 + Level 1.1 Evocations


You had 10 spell levels left.
You didn't know any spells.

Dungeon Overview and Level Annotations

Branches:
Dungeon (11/15)            Temple (1/1) D:4            Lair (0/6) D:10
    Orc (0/2) D:11

Altars:
Cheibriados
Dithmenos
Elyvilon
Fedhas
Gozag
Hepliaklqana
Kikubaaqudgha
Makhleb
Nemelex Xobeh
Okawaru
Ru
Sif Muna
Trog
Uskayaw
Vehumet
Xom
Yredelemnul
Zin

Shops:
D:4 =


Innate Abilities, Weirdness & Mutations

You reflexively headbutt those who attack you in melee.
You have a pair of horns on your head.


Message History

The bolt of poison hits you!
You are poisoned.
You miss the tengu reaver.
You headbutt the tengu reaver, but do no damage.
The tengu reaver is almost dead.
You feel sick.
The tengu reaver hits you with a great sword!
You block the tengu reaver's attack. The tengu reaver claws you!
You miss the tengu reaver. Your headbutt misses the tengu reaver.
The tengu reaver is almost dead.
You feel sick. The tengu reaver casts a spell at you.
The bolt of poison hits you!
You are more poisoned.
* * * LOW HITPOINT WARNING * * *
You feel better.
The tengu reaver points at you and mumbles some strange words.
The bolt of poison hits you!
You are poisoned.
You die...

######...#.............
.....#..##..###....#####
.....'..##'####....##..###+
.....#.^##.)(######........
.....#..##.)##....#†.......
.....#..'...#.####.#.......
.....#..#...#.# ####..##..
.....#..##..#.###.# ..# .
.....#..######..@# ....
.....#..# #.###Q# .... #..#
#. ## .##.. #..# #. .. #..
##


You could see a tengu reaver.

Vanquished Creatures
  Erica (D:8)
  A centaur warrior (D:10)
  A satyr (shapeshifter) (D:11)
  Pikel (D:5)
  The ghost of Fv001 the Digger, a novice GrEE (D:5)
  2 trolls
  2 hippogriffs
  Sigmund (D:3)
  A spriggan (D:7)
  A wyvern (D:9)
  2 humans (D:10)
  A hungry ghost (D:10)
  A vampire mosquito (D:11)
  Menkaure (D:6)
  Duvessa (D:6)
  A water moccasin (D:10)
  An orc warrior (D:6)
  4 ice beasts
  2 phantoms
  2 necrophages
  2 sky beasts (D:5)
  An ogre (D:10)
  The ghost of morbho the Chopper, an amateur FoBe of Trog (D:3)
  5 wolves (D:10)
  2 centaurs
  A big kobold (D:8)
  5 bullfrogs
  A scorpion (D:7)
  Dowan (D:6)
  14 killer bees
  3 electric eels (D:10)
  4 bullfrog zombies
  A howler monkey (D:7)
  4 crimson imps
  A quasit (D:7)
  5 orc priests
  A bullfrog skeleton (D:6)
  5 orc wizards
  3 centaur zombies
  Crazy Yiuf (D:6)
  5 hounds
  A centaur skeleton (D:9)
  2 iguanas
  5 worker ants
  Ijyb (D:5)
  Terence (D:3)
  2 killer bee zombies (Ossuary)
  A hound zombie (Ossuary)
  2 hound skeletons
  15 mummies (Ossuary)
  4 worker ant zombies
  A howler monkey zombie (Ossuary)
  7 gnolls
  14 adders
  3 shadow imps
  5 adder zombies (Ossuary)
  3 adder skeletons
  A worm (D:2)
  A dart slug (D:4)
  10 leopard geckos
  23 orcs
  2 ball pythons
  4 giant cockroaches
  10 goblins
  4 hobgoblins
  13 jackals
  3 quokkas
  5 bats
  6 frilled lizards
  A goblin zombie (D:4)
  A jackal zombie (Ossuary)
  22 kobolds
  A leopard gecko zombie (Ossuary)
  A quokka zombie (D:4)
  12 rats
281 creatures vanquished.

Vanquished Creatures (others)
  A human (D:8)
  A bullfrog zombie (D:5)
  A kobold (D:8)
  3 withered plants (Ossuary)
6 creatures vanquished.

Grand Total: 287 creatures vanquished

Notes
Turn   | Place    | Note
-------+----------+-------------------------------------------
     0 | D:1      | Peloso the Minotaur Fighter began the quest for the Orb.
     0 | D:1      | Reached XP level 1. HP: 19/19 MP: 0/0
   221 | D:1      | Reached XP level 2. HP: 23/27 MP: 1/1
   765 | D:1      | Reached XP level 3. HP: 27/33 MP: 2/2
  1735 | D:2      | Reached XP level 4. HP: 37/40 MP: 3/3
  1870 | D:3      | Noticed Sigmund
  1900 | D:3      | Killed Sigmund
  1900 | D:3      | Reached skill level 5 in Armour
  1900 | D:3      | Reached skill level 1 in Dodging
  1900 | D:3      | Reached skill level 5 in Shields
  1900 | D:3      | Reached XP level 5. HP: 7/47 MP: 4/4
  2112 | D:3      | Reached XP level 6. HP: 42/53 MP: 5/5
  2115 | D:3      | Noticed morbho's ghost (amateur FoBe)
  2220 | D:3      | HP: 2/53 [orc priest/divine providence (9)]
  2706 | D:3      | Killed morbho's ghost
  2924 | D:3      | Reached skill level 5 in Long Blades
  3120 | D:3      | Noticed Terence
  3127 | D:3      | Killed Terence
  3324 | D:4      | Reached XP level 7. HP: 55/60 MP: 6/6
  3340 | D:4      | Found a sand-covered staircase.
  3357 | Ossuary  | Entered an ossuary
  3543 | Ossuary  | Reached skill level 5 in Fighting
  4041 | D:4      | Reached XP level 8. HP: 68/69 MP: 7/7
  4318 | D:4      | Found Quxkoj's Jewellery Shop.
  4336 | D:4      | Found a staircase to the Ecumenical Temple.
  4344 | Temple   | Entered the Ecumenical Temple
  4352 | Temple   | Became a worshipper of Warmaster Okawaru
  4491 | D:5      | Entered Level 5 of the Dungeon
  4555 | D:5      | Found a hazy altar of Hepliaklqana.
  4561 | D:5      | Found a snail-covered altar of Cheibriados.
  4564 | D:5      | Found a bloodstained altar of Trog.
  4619 | D:5      | Noticed Pikel
  4646 | D:5      | Killed Pikel
  4646 | D:5      | Reached * piety under Okawaru
  4953 | D:5      | Reached XP level 9. HP: 63/75 MP: 8/8
  5009 | D:5      | Reached ** piety under Okawaru
  5053 | D:5      | Noticed Ijyb
  5078 | D:5      | Killed Ijyb
  5255 | D:5      | Noticed Fv001's ghost (novice GrEE)
  5379 | D:5      | Killed Fv001's ghost
  5680 | D:6      | Found a runed door.
  5684 | D:6      | Noticed Crazy Yiuf
  5693 | D:6      | Killed Crazy Yiuf
  5949 | D:6      | Noticed Menkaure
  5963 | D:6      | Killed Menkaure
  6033 | D:6      | Noticed Dowan
  6307 | D:6      | Killed Dowan
  6426 | D:6      | Noticed Duvessa
  6439 | D:6      | Killed Duvessa
  6931 | D:6      | Reached *** piety under Okawaru
  7684 | D:7      | Reached skill level 10 in Long Blades
  7825 | D:7      | Reached skill level 10 in Shields
  7904 | D:7      | Reached XP level 10. HP: 86/86 MP: 9/9
  7959 | D:8      | Noticed Erica
  7970 | D:8      | Killed Erica
  7970 | D:8      | Received a gift from Okawaru
  7971 | D:8      | Found a shadowy altar of Dithmenos.
  8064 | D:8      | Found a sparkling altar of Nemelex Xobeh.
  8218 | D:8      | Reached **** piety under Okawaru
  8451 | D:8      | Found an ancient bone altar of Kikubaaqudgha.
  8934 | D:9      | Found a sacrificial altar of Ru.
  9234 | D:10     | Entered Level 10 of the Dungeon
  9784 | D:10     | Reached ***** piety under Okawaru
  9795 | D:10     | Noticed a centaur warrior
  9809 | D:10     | Killed a centaur warrior
  9809 | D:10     | Reached skill level 1 in Evocations
  9809 | D:10     | Reached XP level 11. HP: 89/95 MP: 10/10
  9814 | D:10     | Found an iron altar of Okawaru.
  9981 | D:10     | Found a staircase to the Lair.
 10125 | D:10     | Received a gift from Okawaru
 10138 | D:10     | Got an ancient shield {god gift}
 10149 | D:10     | Identified the -8 shield of the Wilderness {rElec Dex+7} (Okawaru gifted it to you on level 10 of the Dungeon)
 10372 | D:11     | Found a staircase to the Orcish Mines.
 10452 | D:11     | Noticed a tengu reaver
 10453 | D:11     | Noticed an anaconda
 10453 | D:11     | Noticed a great orb of eyes
 10453 | D:11     | an anaconda changed into a great orb of eyes
 10455 | D:11     | Noticed an entropy weaver
 10455 | D:11     | a great orb of eyes changed into an entropy weaver
 10458 | D:11     | Noticed a satyr
 10458 | D:11     | an entropy weaver changed into a satyr
 10466 | D:11     | Killed a satyr
 10482 | D:11     | Killed from afar by a tengu reaver

Skill      XL: |  1  2  3  4  5  6  7  8  9 10 11 |
---------------+----------------------------------+-----
Armour         | 4 5 6 7 8 9 |  9.8
Shields        | 4 5 6 8 10 11 12 | 12.1
Fighting       | 4 5 6 7 8 9 |  9.0
Long Blades    | 3 4 5 6 8 10 11 12 | 12.2
Dodging        | 1 2 |  2.4
Evocations     | 1 |  1.1
Stealth        | |  0.5

Action                   |  1- 3 |  4- 6 |  7- 9 | 10-12 || total
-------------------------+-------+-------+-------+-------++-------
Melee: Long sword        |    92 |   147 |   467 |    10 ||   716
       Headbutt          |    13 |    27 |   125 |    62 ||   227
       Scimitar          |       |       |       |   263 ||   263
Invok: Heroism           |       |       |     1 |     1 ||     2
Evoke: Wand              |       |       |       |     7 ||     7
  Use: Potion            |       |     7 |     3 |     1 ||    11
       Scroll            |       |     5 |    14 |     1 ||    20
 Stab: Distracted        |       |       |       |     2 ||     2
  Eat: Chunk             |     2 |     5 |    14 |     8 ||    29
       Fruit             |       |     1 |       |       ||     1
       Royal jelly       |       |       |     1 |       ||     1
Armor: Scale mail        |    43 |    47 |       |       ||    90
       Skin              |       |    35 |       |       ||    35
       Plate armour      |       |    27 |   175 |    85 ||   287
Dodge: Dodged            |    36 |    38 |    69 |    60 ||   203
Block: Shield            |    57 |    87 |   313 |   209 ||   666
       Reflection        |       |       |    14 |     6 ||    20
       Rpst.: Long sword |     7 |     8 |    19 |     1 ||    35
       Scimitar          |       |       |       |    22 ||    22
